 Dungeon Crawl Stone Soup version 0.28-a0-998-gb9e9c7b67e (webtiles) character file.

Game seed: 12167303942773841200

10406 r3xj the Basher (level 11, -4/94 HPs)
             Began as a Minotaur Berserker on Dec 6, 2021.
             Was a High Priest of Trog.
             Slain by a seven-headed hydra (6 damage)
             ... while petrified by a basilisk
             ... on level 1 of the Lair of Beasts.
             The game lasted 00:50:49 (11002 turns).

r3xj the Basher (Minotaur Berserker)               Turns: 11002, Time: 00:50:50

Health: -4/94      AC: 15    Str: 26    XL:     11   Next: 35%
Magic:  10/10      EV:  2    Int:  4    God:    Trog [*****.]
Gold:   721        SH:  0    Dex: 13    Spells: 10/10 levels left

rFire   + . .      SeeInvis .   E - +1 mace (venom)
rCold   x . .      Faith    .   (no shield)
rNeg    + + +      Spirit   .   J - +0 acid dragon scales
rPois   ∞          Reflect  .   (helmet restricted)
rElec   .          Harm     .   q - +1 cloak
rCorr   +          Rampage  .   G - +0 pair of gloves {Str+3}
Will    .....                   L - +1 pair of boots
Stlth   +.........              l - amulet of regeneration
HPRegen 1.05/turn               y - ring of poison resistance
MPRegen 0.12/turn               p - ring of fire

@: petrified
A: horns 2, retaliatory headbutt
a: Renounce Religion, Berserk, Trog's Hand, Brothers in Arms


You were on level 1 of the Lair of Beasts.
You worshipped Trog.
Trog was extremely pleased with you.
You visited 3 branches of the dungeon, and saw 13 of its levels.

You collected 721 gold pieces.

Inventory:

Hand Weapons
 b - a +0 hunting sling
 o - a +0 battleaxe
 E - a +1 mace of venom (weapon)
 K - a +0 flail of protection
 R - the +5 short sword "Vaokkuib" {protect, rN++ Stlth+}
   (You found it on level 10 of the Dungeon)

   It grants its wielder temporary protection when it strikes (+7 to AC).
   rN:        It greatly protects you from negative energy.
   Stlth:     It makes you more stealthy.
Missiles
 j - 302 stones (quivered)
 A - 60 sling bullets
 D - 28 poisoned darts
 F - a throwing net
 N - 3 curare-tipped darts
Armour
 q - a +1 cloak (worn)
 s - a scarf of shadows
 B - a +0 plate armour
 G - a +0 pair of gloves of strength (worn)
 J - +0 acid dragon scales (worn)
 L - a +1 pair of boots (worn)
Jewellery
 l - an amulet of regeneration (around neck)
 p - a ring of fire (right hand)
 y - a ring of poison resistance (left hand)
Wands
 d - a wand of iceblast (11)
 v - a wand of charming (12)
 C - a wand of flame (21)
 Q - a wand of paralysis (6)
 S - a wand of polymorph (3)
Scrolls
 a - 4 scrolls of blinking {unknown}
 e - 4 scrolls of amnesia {unknown}
 g - a scroll of summoning {unknown}
 k - a scroll of identify
 t - 4 scrolls of teleportation {unknown}
 w - 3 scrolls of enchant armour {unknown}
 H - 2 scrolls of acquirement {unknown}
 I - a scroll of brand weapon {unknown}
 M - a scroll of fog {unknown}
Potions
 c - 9 potions of curing
 f - 3 potions of haste
 h - 2 potions of berserk rage {unknown}
 i - a potion of flight
 m - 3 potions of ambrosia
 n - a potion of resistance
 r - a potion of cancellation
 u - 2 potions of heal wounds
 x - a potion of mutation
 z - a potion of might
 O - 2 potions of attraction {unknown}
 P - 2 potions of lignification


   Skills:
 - Level 8.0 Fighting
 + Level 13.7 Maces & Flails
 + Level 11.9 Armour
 + Level 9.4 Dodging


You had 10 spell levels left.
You didn't know any spells.
Your spell library was empty.

Dungeon Overview and Level Annotations

Branches:
Dungeon (11/15)            Temple (1/1) D:6            Lair (1/6) D:10
    Orc: D:9-12

Altars:
Ashenzari
Cheibriados
Dithmenos
Elyvilon
Fedhas
Gozag
Hepliaklqana
Kikubaaqudgha
Makhleb
Nemelex Xobeh
Okawaru
Qazlal
Ru
Sif Muna
Trog
Uskayaw
Vehumet
Wu Jian
Xom
Yredelemnul
Zin
The Shining One

Shops:
D:1 *

Annotations:
D:5 1 runed translucent door, amoryguerra's ghost, novice MiBe
D:6 1 runed translucent door, exclusion: downstairs, ytrimaz's ghost, novice FoFi


Innate Abilities, Weirdness & Mutations

You have a pair of horns on your head.
You reflexively headbutt those who attack you in melee.


Message History

The seven-headed hydra bites you! The seven-headed hydra bites you. x2
The seven-headed hydra bites you but does no damage.
The seven-headed hydra completely misses you.
The seven-headed hydra bites you. The basilisk gazes at you.
You resist with some effort.
The seven-headed hydra bites you but does no damage.
The seven-headed hydra bites you! x2
The seven-headed hydra completely misses you.
The seven-headed hydra bites you but does no damage. x3
The basilisk bites you.
The seven-headed hydra bites you but does no damage.
The seven-headed hydra bites you.
* * * LOW HITPOINT WARNING * * *
The seven-headed hydra bites you!
* * * LOW HITPOINT WARNING * * *
The seven-headed hydra bites you but does no damage.
The seven-headed hydra bites you.
* * * LOW HITPOINT WARNING * * *
The seven-headed hydra bites you but does no damage.
The seven-headed hydra bites you!
* * * LOW HITPOINT WARNING * * *
The basilisk bites you.
* * * LOW HITPOINT WARNING * * *
The seven-headed hydra bites you but does no damage.
The seven-headed hydra bites you!
* * * LOW HITPOINT WARNING * * *
The seven-headed hydra bites you.
The seven-headed hydra bites you but does no damage.
The seven-headed hydra bites you!
* * * LOW HITPOINT WARNING * * *
The seven-headed hydra bites you!
* * * LOW HITPOINT WARNING * * *
The seven-headed hydra bites you. The basilisk completely misses you.
The seven-headed hydra bites you but does no damage.
The seven-headed hydra bites you!
* * * LOW HITPOINT WARNING * * *
The seven-headed hydra bites you!
You die...

...................###..... #...
.................##........ ###.
#...#####..##...#.....##.#.
#...## #..##..##..#.#....#.... #
#....####..##......#..........#.
#..........#..........⌠...⌠...#.
#.#.##.........+........>...... .
#.####.........#......⌠...⌠..?#..
..## #...###(##.@D.#..........#..
...###...# #####.l........#..#..#
...##P...# #..##.....###.....##
..## #...# ##.####.........##.#
..####...#####..######......#....
..........##P#.......#.#+#.#.#...
.P###................#..).####l..
.###.......................#.#...
.# ##..........#..#.#.⌠.>.⌠.#....


You could see a seven-headed hydra and a basilisk.

Vanquished Creatures
  Harold (D:7)
  A hydra (D:10)
  A two-headed ogre (D:10)
  2 cane toads
  An unseen horror (D:10)
  2 komodo dragons (Lair:1)
  4 kobold demonologists
  2 trolls (D:10)
  A hornet (D:9)
  4 blink frogs
  2 wyverns
  5 water moccasins (Lair:1)
  2 acid dragons
  2 orc warriors
  2 sky beasts
  A black bear (D:7)
  2 ice beasts
  A necrophage (D:6)
  4 centaurs
  3 wolves (D:10)
  An ogre (D:6)
  2 phantoms
  3 bullfrogs
  5 kobold brigands
  A gnoll sergeant (D:7)
  4 scorpions
  A water moccasin skeleton (D:7)
  2 howler monkeys (D:8)
  3 electric eels (D:10)
  2 vampire bats (D:9)
  4 jellies
  A bullfrog zombie (D:6)
  Crazy Yiuf (D:2)
  7 hounds
  2 orc priests
  A bullfrog skeleton (D:5)
  A centaur skeleton (D:6)
  2 iguanas
  7 orc wizards
  2 hound skeletons (D:4)
  Robin (D:2)
  A howler monkey zombie (D:8)
  12 gnolls
  7 adders
  2 ufetubi (D:6)
  2 dart slugs (D:2)
  23 orcs
  8 bats
  3 bat skeletons (D:9)
  3 bat zombies (D:9)
  8 endoplasms
  2 giant cockroaches
  20 goblins
  3 hobgoblins (D:2)
  9 jackals
  26 kobolds
  6 quokkas
  8 ball pythons
  4 frilled lizards
  4 rats
247 creatures vanquished.

Vanquished Creatures (others)
  A fungus (Lair:1)
1 creature vanquished.

Grand Total: 248 creatures vanquished

Notes
Turn   | Place    | Note
-------+----------+-------------------------------------------
     0 | D:1      | r3xj the Minotaur Berserker began the quest for the Orb.
     0 | D:1      | Reached XP level 1. HP: 19/19 MP: 0/0
   197 | D:1      | Found a faded altar of an unknown god.
   356 | D:1      | Reached XP level 2. HP: 24/27 MP: 1/1
   436 | D:1      | Reached skill level 4 in Maces & Flails
   484 | D:1      | Found Cazawaur's General Store.
   905 | D:1      | Reached ** piety under Trog
   999 | D:1      | Reached XP level 3. HP: 33/33 MP: 2/2
  1494 | D:2      | Noticed Robin
  1525 | D:2      | Killed Robin
  1776 | D:2      | Found an opulent altar of Gozag.
  1919 | D:2      | Found a runed translucent door.
  1920 | D:2      | Noticed Crazy Yiuf
  2085 | D:2      | Reached XP level 4. HP: 31/41 MP: 3/3
  2678 | D:2      | Killed Crazy Yiuf
  3062 | D:3      | Reached skill level 5 in Maces & Flails
  3146 | D:3      | You fall into a shaft and drop 1 floor!
  3180 | D:4      | Reached XP level 5. HP: 43/47 MP: 4/4
  3310 | D:4      | Reached skill level 5 in Fighting
  3352 | D:4      | Reached *** piety under Trog
  3353 | D:4      | Reached skill level 6 in Maces & Flails
  3353 | D:4      | Reached XP level 6. HP: 52/56 MP: 5/5
  3682 | D:3      | Found a shadowy altar of Dithmenos.
  4851 | D:5      | Entered Level 5 of the Dungeon
  4945 | D:5      | Found an opulent altar of Gozag.
  4946 | D:5      | Noticed an ice beast
  4951 | D:5      | Reached skill level 5 in Armour
  4958 | D:5      | Killed an ice beast
  4959 | D:5      | Reached skill level 7 in Maces & Flails
  4959 | D:5      | Reached XP level 7. HP: 36/61 MP: 6/6
  5341 | D:5      | Found a runed translucent door.
  5341 | D:5      | Noticed amoryguerra's ghost (novice MiBe)
  5372 | D:5      | Reached **** piety under Trog
  5373 | D:5      | Reached skill level 8 in Maces & Flails
  5739 | D:6      | Found a hazy altar of Hepliaklqana.
  5790 | D:6      | Reached XP level 8. HP: 68/70 MP: 7/7
  5971 | D:6      | Found a snail-covered altar of Cheibriados.
  5984 | D:6      | Found a hide-covered altar of Uskayaw.
  6029 | D:6      | Found a staircase to the Ecumenical Temple.
  6043 | D:6      | Reached skill level 9 in Maces & Flails
  6050 | Temple   | Entered the Ecumenical Temple
  6355 | D:6      | Found a runed translucent door.
  6355 | D:6      | Found a shimmering altar of Xom.
  6355 | D:6      | Noticed ytrimaz's ghost (novice FoFi)
  6356 | D:6      | Noticed a +1 whip of chaos
  6603 | D:7      | Found an ornate altar of the Wu Jian Council.
  6630 | D:7      | Noticed Harold
  6799 | D:7      | Reached skill level 10 in Maces & Flails
  6799 | D:7      | Reached XP level 9. HP: 71/79 MP: 8/8
  6966 | D:7      | Killed Harold
  6967 | D:7      | Reached skill level 5 in Dodging
  7351 | D:8      | Reached skill level 11 in Maces & Flails
  7395 | D:8      | Found a radiant altar of Vehumet.
  7398 | D:8      | Found a shimmering altar of Xom.
  7417 | D:8      | Found a burning altar of Makhleb.
  7636 | D:8      | Found a basalt altar of Yredelemnul.
  8048 | D:10     | Entered Level 10 of the Dungeon
  8106 | D:9      | Reached ***** piety under Trog
  8107 | D:9      | Reached XP level 10. HP: 88/88 MP: 9/9
  8502 | D:9      | Found an ancient bone altar of Kikubaaqudgha.
  8533 | D:9      | Found an iron altar of Okawaru.
  9047 | D:10     | Noticed a soul eater
  9048 | D:10     | Reached skill level 12 in Maces & Flails
  9054 | D:9      | Reached skill level 10 in Armour
  9148 | D:10     | Noticed a two-headed ogre
  9180 | D:10     | Killed a two-headed ogre
  9283 | D:10     | Found a staircase to the Lair.
  9509 | D:10     | Reached skill level 13 in Maces & Flails
  9846 | D:10     | Identified the +5 short sword "Vaokkuib" {protect, rN++
                  | Stlth+}
  9976 | D:11     | Noticed a manticore
 10021 | Lair:1   | Entered Level 1 of the Lair of Beasts
 10188 | Lair:1   | Noticed a five-headed hydra
 10199 | Lair:1   | Reached XP level 11. HP: 37/94 MP: 10/10
 10393 | D:10     | Killed a five-headed hydra
 10971 | Lair:1   | Noticed a seven-headed hydra
 11001 | Lair:1   | HP: 4/94 [seven-headed hydra (3)]
 11002 | Lair:1   | Slain by a seven-headed hydra

Illustrated notes

Levels and vault maps discovered:
D:1:      dpeg_arrival_three_smaller_balls, layout_basic, serial_shops,
          shop_coins, basic_ecumenical_altar, minmay_tall_x
D:2:      layout_loops_corners, basic_altar, moated_statue, fountainhead,
          minivault_4, uniq_robin, uniq_crazy_yiuf_cottage
D:3:      layout_basic, mainiacjoe_overflow_brackets, minmay_diced_spiral
D:4:      layout_gridville
D:5:      layout_cave_pools, nicolae_gozag_cash_rules_everything_around_me,
          ebering_ghost_inner_flame
D:6:      layout_basic, mainiacjoe_overflow_alcove_1,
          mainiacjoe_overflow_boulevard, cheibriados_altar_1,
          minmay_temple_entry_nine_rooms, ebering_ghost_xom, interstate_on_off
D:7:      layout_cave_pools, nicolae_wu_jian_wuxing_cycle, uniq_harold
D:8:      layout_rooms, yredelemnul_altar_generic, grunt_temple_overflow_open
D:9:      layout_cave_pods, kennysheep_vampire_church, okawaru_altar_gauntlet_db
D:10:     layout_long_grid, erik_lair_island
D:11:     minmay_goldmine, layout_irregular_city, kb_rosetta
Temple:   dpeg_chambers_temple
Lair:1:   layout_small_grid, grunt_megastairs_2

Skill      XL: |  1  2  3  4  5  6  7  8  9 10 11 |
---------------+----------------------------------+-----
Fighting       | 4 5 7 8 |  8.0
Maces & Flails | 4 5 6 7 8 10 11 13 | 13.7
Armour         | 3 4 5 6 7 9 11 | 11.9
Dodging        | 3 4 6 8 9 |  9.4

Action                   |  1- 3 |  4- 6 |  7- 9 | 10-12 || total
-------------------------+-------+-------+-------+-------++-------
Melee: Mace              |   104 |   116 |   236 |   236 ||   692
       Headbutt          |    20 |    27 |    52 |    63 ||   162
Invok: Berserk           |       |       |       |     1 ||     1
  Use: Scroll            |       |       |       |    12 ||    12
 Stab: Sleeping          |     1 |       |       |       ||     1
Armor: Animal skin       |    10 |       |       |       ||    10
       Ring mail         |    46 |    49 |    38 |       ||   133
       Acid dragon scale |       |       |    44 |   145 ||   189
Dodge: Dodged            |    52 |    63 |   131 |   211 ||   457

Table legend: (Time is in decaauts)
 A = Elapsed time spent in this place.
 B = Non-inter-level travel time spent in this place.
 C = Inter-level travel time spent in this place.
 D = Time resting spent in this place.
 E = Time spent auto-exploring this place.
 F = Levels seen in this place.
 G = Mean time per level.
                   A        B        C        D        E       F      G
               +--------+--------+--------+--------+--------+-----+--------+
         Total |  11010 |   9982 |   1028 |    529 |   7088 |  13 |  846.9 |
       Dungeon |  10067 |   9065 |   1002 |    486 |   6475 |  11 |  915.2 |
        Temple |    229 |    203 |     26 |      0 |    194 |   1 |  229.0 |
          Lair |    712 |    712 |      0 |     43 |    419 |   1 |  712.0 |
               +--------+--------+--------+--------+--------+-----+--------+

Top non-repeatable levels by time:
     D:2: 1600 daAuts
     D:1: 1443 daAuts
    D:10: 1131 daAuts
     D:4: 1097 daAuts
     D:9: 1085 daAuts
     D:3: 822 daAuts
     D:5: 787 daAuts
     D:6: 746 daAuts
  Lair:1: 712 daAuts
     D:7: 654 daAuts
     D:8: 643 daAuts
  Temple: 229 daAuts
    D:11: 54 daAuts
